[Event "Titled Tuesday Blitz August 1 Late 2023"]
[White "Burke, Paul"]
[Black "Der_Balak_3Halak"]
[WhiteFideId "2605767"]
[WhiteElo "1889"]
[BlackElo "2403"]
[Result "1-0"]
[Round "4"]
[TimeControl "180+1"]
[Date "2023.08.01"]
[WhiteClock "0:00:22"]
[BlackClock "0:01:37"]
[Board "155"]

1. e4 e6 2. d4 d5 3. e5 c5 4. Qg4 Nc6 5. Nf3 cxd4 6. Bd3 h5 7. Qg3 Qa5+ 8. c3 dxc3 9. bxc3 Bd7 10. O-O g6 11. Re1 Nh6 12. Bxg6 fxg6 13. Qxg6+ Nf7 14. Ng5 Nd8 15. Nxf7 Nxf7 16. Bg5 Be7 17. Bxe7 Kxe7 18. Qf6+ Ke8 19. Nd2 Rc8 20. Nf3 Qd8 21. Qg7 Rf8 22. Rad1 Qg5 23. Nxg5 Nxg5 24. Qxg5 Rxc3 25. Qxh5+ Kd8 26. Rc1 Rc4 27. Rxc4 dxc4 28. Qh4+ Kc8 29. Qxc4+ Kb8 30. Qc5 Rg8 31. Qd6+ Kc8 32. f3 Rg6 33. Rc1+ Bc6 34. Qf8+ Kc7 35. Qd6+ Kb6 36. Rb1+ Ka6 37. Qa3+ 1-0


[Site "https://www.chess.com"]

[Event "Titled Tuesday Blitz August 1 Late 2023"]
[White "Hirneise, Jens"]
[Black "Akhayan, Ruben"]
[WhiteFideId "24614734"]
[BlackFideId "204439"]
[WhiteElo "2468"]
[BlackElo "2297"]
[Result "1-0"]
[Round "4"]
[TimeControl "180+1"]
[Date "2023.08.01"]
[WhiteClock "0:00:19"]
[BlackClock "0:00:32"]
[Board "156"]

1. Nf3 Nf6 2. b3 e6 3. Bb2 d5 4. e3 Be7 5. Be2 O-O 6. O-O c5 7. d3 Nc6 8. Nbd2 h6 9. a3 b6 10. c4 Bb7 11. Qc2 Rc8 12. Rad1 Qc7 13. Qb1 Rfd8 14. Qa1 a5 15. d4 cxd4 16. Nxd4 Nxd4 17. Bxd4 dxc4 18. Nxc4 Rxd4 19. Qxd4 b5 20. Ne5 Bxa3 21. Bxb5 Bc5 22. Qa1 Qb6 23. Bc4 Qc7 24. Nf3 Bxf3 25. gxf3 Bd6 26. Kh1 Bxh2 27. Qd4 Be5 28. Qh4 a4 29. f4 Bd6 30. Rg1 Be7 31. Qxh6 Ne8 32. Bd3 Bf6 33. bxa4 Kf8 34. Qh5 Ke7 35. Bb5 Nd6 36. Rc1 Qxc1 37. Rxc1 Rxc1+ 38. Kg2 Ne4 39. Qf3 Nd6 40. Qa8 Rb1 41. Qa7+ Kf8 42. Qb8+ Ke7 43. Qc7+ 1-0


[Site "https://www.chess.com"]

[Event "Titled Tuesday Blitz August 1 Late 2023"]
[White "Urbina Perez, Juan Antonio"]
[Black "Gertler, David"]
[WhiteFideId "2217368"]
[BlackFideId "2017377"]
[WhiteElo "2449"]
[BlackElo "2310"]
[Result "1-0"]
[Round "4"]
[TimeControl "180+1"]
[Date "2023.08.01"]
[WhiteClock "0:00:29"]
[BlackClock "0:00:01"]
[Board "157"]

1. d4 Nf6 2. c4 Nc6 3. Nf3 e6 4. a3 d6 5. Nc3 g6 6. g3 Bg7 7. Bg2 O-O 8. O-O e5 9. dxe5 dxe5 10. Bg5 Qxd1 11. Rfxd1 h6 12. Bxf6 Bxf6 13. Nb5 Bd8 14. Nd2 Bf5 15. Bxc6 bxc6 16. Nc3 a5 17. Nde4 Be7 18. f3 a4 19. Rac1 Be6 20. Na2 f5 21. Nf2 Bc5 22. Kg2 Be3 23. Rc2 Rfd8 24. Rxd8+ Rxd8 25. Nb4 c5 26. Nbd3 Bd4 27. e3 Bxe3 28. Nxe5 Kg7 29. f4 Bd4 30. Nfd3 Rb8 31. Kf3 Rb3 32. Ke2 Kf6 33. Nf3 g5 34. fxg5+ hxg5 35. Nxd4 cxd4 36. Nc5 Re3+ 37. Kf2 Re4 38. Rd2 Bxc4 39. Nxe4+ fxe4 40. Rxd4 1-0


[Site "https://www.chess.com"]

[Event "Titled Tuesday Blitz August 1 Late 2023"]
[White "szachmistrz2500"]
[Black "Schut, Han"]
[BlackFideId "1005561"]
[WhiteElo "2449"]
[BlackElo "2263"]
[Result "0-1"]
[Round "4"]
[TimeControl "180+1"]
[Date "2023.08.01"]
[WhiteClock "0:01:18"]
[BlackClock "0:00:40"]
[Board "158"]

1. Nf3 Nf6 2. g3 g6 3. Bg2 Bg7 4. O-O O-O 5. d3 d5 6. Nbd2 c5 7. e4 Nc6 8. c3 h6 9. Qe2 Be6 10. h3 Kh7 11. Re1 Qc8 12. g4 b5 13. Nf1 dxe4 14. dxe4 Bc4 15. Qc2 Rd8 16. Ng3 Bd3 17. Qb3 Na5 18. Qxf7 Bc4 19. Qxe7 Nc6 20. Qxd8 Qxd8 21. g5 Ng8 22. Be3 Ne5 23. Nxe5 Bxe5 24. gxh6 Qc7 25. Rad1 Be6 26. Ne2 Nxh6 27. f4 Bg7 28. e5 Rd8 29. a3 Nf5 30. Bf2 Bb3 31. Rxd8 Qxd8 32. Bxc5 Nh4 33. Be4 Qc8 34. Kh2 Qxc5 35. Nd4 Bd5 36. Bd3 Nf3+ 37. Nxf3 Bxf3 38. Rg1 Qf2+ 0-1


[Site "https://www.chess.com"]

[Event "Titled Tuesday Blitz August 1 Late 2023"]
[White "Tqebuchava, Zurab"]
[Black "Polaczek, Richard"]
[WhiteFideId "13601113"]
[BlackFideId "200026"]
[WhiteElo "2268"]
[BlackElo "2436"]
[Result "1-0"]
[Round "4"]
[TimeControl "180+1"]
[Date "2023.08.01"]
[WhiteClock "0:00:02"]
[BlackClock "0:00:00"]
[Board "159"]

1. e4 Nf6 2. e5 Nd5 3. Nc3 Nxc3 4. dxc3 d6 5. exd6 exd6 6. Bc4 Be6 7. Bxe6 fxe6 8. Qh5+ g6 9. Qb5+ Nd7 10. Qxb7 Bg7 11. Nf3 O-O 12. Qe4 Nc5 13. Qe2 Qf6 14. O-O e5 15. Be3 Ne6 16. Qc4 Kh8 17. Rad1 Qe7 18. Qd5 a6 19. c4 Rad8 20. c5 dxc5 21. Qc6 Nd4 22. Bxd4 cxd4 23. Qe4 Rf4 24. Qe2 e4 25. Nd2 Re8 26. Nc4 Qc5 27. b3 Ref8 28. Kh1 Qf5 29. f3 e3 30. Rd3 c5 31. Rfd1 Qh5 32. Qe1 Rh4 33. Qg3 Bh6 34. Qe5+ Qxe5 35. Nxe5 Bg7 36. Ng4 Re8 37. h3 Rh5 38. Nh2 Rg5 39. Re1 Rge5 40. Ng4 Bf8 41. Nf6 R8e6 42. Nd7 Rd5 43. Nxf8 Rf6 44. Nd7 1-0


[Site "https://www.chess.com"]

[Event "Titled Tuesday Blitz August 1 Late 2023"]
[White "Gatterer, Florian"]
[Black "campochess"]
[WhiteFideId "811688"]
[WhiteElo "2403"]
[BlackElo "2205"]
[Result "1/2-1/2"]
[Round "4"]
[TimeControl "180+1"]
[Date "2023.08.01"]
[WhiteClock "0:02:04"]
[BlackClock "0:01:46"]
[Board "160"]

1. c4 e6 2. Nf3 c6 3. e3 d5 4. b3 Be7 5. Bb2 Bf6 6. Qc2 Na6 7. a3 Bxb2 8. Qxb2 Qf6 9. d4 Nc7 10. Nc3 Ne7 11. Bd3 O-O 12. O-O Bd7 13. e4 Rab8 14. g3 b5 15. c5 h5 16. Qe2 Qh6 17. Ne5 Be8 18. f4 f5 1/2-1/2


[Site "https://www.chess.com"]

[Event "Titled Tuesday Blitz August 1 Late 2023"]
[White "Aung Thant Zin"]
[Black "Haitin, Ilja"]
[WhiteFideId "13000063"]
[BlackFideId "4501764"]
[WhiteElo "2148"]
[BlackElo "2372"]
[Result "1-0"]
[Round "4"]
[TimeControl "180+1"]
[Date "2023.08.01"]
[WhiteClock "0:00:11"]
[BlackClock "0:00:00"]
[Board "161"]

1. e4 e6 2. d4 d5 3. Nc3 Be7 4. Nf3 Nf6 5. e5 Nfd7 6. Be2 c5 7. dxc5 Nc6 8. Bf4 g5 9. Be3 Ncxe5 10. Nxe5 Nxe5 11. Bd4 Bf6 12. Bb5+ Bd7 13. Qe2 Nc6 14. Bxf6 Qxf6 15. Nxd5 Qxb2 16. O-O O-O 17. Rab1 Qg7 18. Bxc6 Bxc6 19. Ne7+ Kh8 20. Nxc6 bxc6 21. Qe4 Rfc8 22. h4 gxh4 23. Qxh4 Rg8 24. g3 Qe5 25. Rb7 Rg7 26. Rd1 Rag8 27. Rd3 Qxc5 28. Rf3 Qf8 29. Qf6 Qd8 30. Re7 a5 31. Rf4 Qd1+ 32. Kg2 Qd5+ 33. Kg1 Qd1+ 34. Kg2 Qd5+ 35. Kh2 Qh5+ 36. Kg2 Qg6 37. Rxf7 Qxf6 38. R7xf6 Rb7 39. Rxe6 Rb2 40. Rxc6 Rxa2 41. Rf7 Rg7 42. Rc8+ Rg8 43. Rcc7 Rg6 44. Rxh7+ Kg8 45. Rhd7 Rf6 46. Rd8+ Rf8 47. Rdd7 1-0


[Site "https://www.chess.com"]

[Event "Titled Tuesday Blitz August 1 Late 2023"]
[White "Ardito, Andrew"]
[Black "Srdanovic, Jovana"]
[WhiteFideId "2033976"]
[BlackFideId "954810"]
[WhiteElo "2113"]
[BlackElo "2357"]
[Result "1-0"]
[Round "4"]
[TimeControl "180+1"]
[Date "2023.08.01"]
[WhiteClock "0:00:05"]
[BlackClock "0:00:11"]
[Board "162"]

1. e4 c6 2. d4 d5 3. e5 Na6 4. f4 Bf5 5. Nf3 e6 6. c3 Nc7 7. Bd3 Ne7 8. h3 g6 9. g4 Bxd3 10. Qxd3 h5 11. Rg1 Qd7 12. a4 O-O-O 13. Na3 hxg4 14. hxg4 Bh6 15. Be3 Kb8 16. b4 Nc8 17. b5 cxb5 18. Nxb5 Nxb5 19. axb5 Nb6 20. Nd2 Rc8 21. Ra3 Nc4 22. Nxc4 Rxc4 23. Rh1 Bg7 24. Rxh8+ Bxh8 25. b6 axb6 26. Qb1 Qc6 27. Qa1 Kc7 28. Ra8 Bg7 29. Rg8 Rxc3 30. Rxg7 Rxe3+ 31. Kf2 Rc3 32. Rxf7+ Kb8 33. Rf8+ Kc7 34. Qa8 Rc2+ 35. Kg3 Qc3+ 36. Kh4 Rh2+ 37. Kg5 Kc6 38. Qc8+ Kb5 39. Qxc3 Rh5+ 40. gxh5 gxh5 41. Kxh5 Ka4 42. Ra8+ Kb5 43. Qb3+ Kc6 44. Rc8+ Kd7 45. Qxb6 Kxc8 46. Qxe6+ Kc7 47. Qe7+ Kc6 48. Qd6+ Kb5 49. f5 Kc4 50. f6 Kxd4 51. f7 b5 52. f8=Q Ke4 53. Qb4+ d4 54. Qfc5 Kf3 55. Qcxd4 Kg2 56. Qg4+ Kf1 57. Qb1+ Kf2 58. Qbf5+ Ke1 59. Qg1+ Kd2 60. Qfb1 Kc3 61. Qe3+ Kc4 62. Qbe4# 1-0


[Site "https://www.chess.com"]

[Event "Titled Tuesday Blitz August 1 Late 2023"]
[White "Penagalapati, Abhinav"]
[Black "Rego, Pedro Filipe"]
[WhiteFideId "30938210"]
[BlackFideId "1904310"]
[WhiteElo "2056"]
[BlackElo "2354"]
[Result "1-0"]
[Round "4"]
[TimeControl "180+1"]
[Date "2023.08.01"]
[WhiteClock "0:00:06"]
[BlackClock "0:00:03"]
[Board "163"]

1. d4 Nf6 2. Nc3 d5 3. Bf4 a6 4. e3 c5 5. Nf3 Nc6 6. Be2 e6 7. O-O Be7 8. a4 Nh5 9. Bg3 Nxg3 10. hxg3 O-O 11. Qd2 b6 12. dxc5 bxc5 13. Rfd1 Qc7 14. e4 d4 15. Nb1 Rb8 16. b3 Bf6 17. Bd3 Nb4 18. Na3 e5 19. Bc4 Bg4 20. Rab1 Rfd8 21. Be2 Be6 22. Qe1 Na2 23. Ra1 Nc3 24. Rdc1 Rb4 25. Bc4 Bg4 26. Qd2 Qe7 27. Re1 Qd6 28. Bd3 Be6 29. Bc4 Bg4 30. Nh2 Bc8 31. Bd3 g6 32. Nc4 Qc7 33. a5 Bg7 34. Nf3 h6 35. Nb6 Bg4 36. Bxa6 Kh7 37. Nh2 Be6 38. Bc4 Bc8 39. Nd5 Nxd5 40. Bxd5 Bb7 41. Bc4 Rf8 42. a6 Ba8 43. g4 Kh8 44. Bd3 Kh7 45. Nf3 Bf6 46. Ra2 Kg7 47. Qc1 Qd7 48. Nh2 Bg5 49. Qa3 Bf4 50. g3 Bd2 51. Re2 Bg5 52. Qa5 Be7 53. a7 h5 54. gxh5 gxh5 55. Nf1 Qg4 56. Kg2 h4 57. f3 h3+ 58. Kh2 Qg5 59. Rf2 Rg8 60. Qc7 Qf6 61. f4 exf4 62. Qxf4 Qxf4 63. Rxf4 Kf8 64. e5 Rb6 65. Ra6 Rxa6 66. Bxa6 Rg6 67. Bc4 Rg5 68. Rxf7+ Ke8 69. e6 Re5 70. Rh7 Re1 71. Rh8+ Bf8 72. Bb5+ Ke7 73. Nd2 Bg7 74. Rh7 Kf6 75. Bc4 Rd1 76. Nf1 Bg2 77. e7 Re1 78. a8=Q Bxa8 79. e8=Q Rxe8 80. Kxh3 Re1 81. Rh4 Re3 82. Rf4+ Ke5 83. Nxe3 dxe3 84. Rg4 Bh6 85. Rg6 Bf8 86. Rg8 Bd5 87. Bxd5 Kxd5 88. Rxf8 Kd4 89. Re8 c4 90. Kg2 cxb3 91. cxb3 Kc3 92. Kf3 Kd2 93. Rxe3 Kc2 94. g4 1-0


[Site "https://www.chess.com"]

[Event "Titled Tuesday Blitz August 1 Late 2023"]
[White "Perez, Maximiliano"]
[Black "Chabris, Christopher"]
[WhiteFideId "117234"]
[BlackFideId "2005263"]
[WhiteElo "2551"]
[BlackElo "2334"]
[Result "0-1"]
[Round "4"]
[TimeControl "180+1"]
[Date "2023.08.01"]
[WhiteClock "0:00:00"]
[BlackClock "0:00:21"]
[Board "164"]

1. e4 e5 2. Nf3 Nc6 3. Bc4 Nf6 4. d3 Be7 5. O-O O-O 6. Re1 d6 7. a4 Kh8 8. c3 Ng8 9. d4 f5 10. exf5 d5 11. Bb5 e4 12. Nfd2 Bxf5 13. Nf1 Bd6 14. Ng3 Bxg3 15. hxg3 Nce7 16. Nd2 c6 17. Be2 Qd7 18. Nf1 Nf6 19. Bf4 Ng6 20. Ne3 Be6 21. a5 Rae8 22. b4 Ng8 23. Bh5 Bf7 24. Bxg6 Bxg6 25. Qg4 Bf5 26. Qh4 Ne7 27. g4 Bxg4 28. Be5 Be6 29. a6 b6 30. Bg3 Ng6 31. Qh5 Nf4 32. Bxf4 Rxf4 33. Qg5 Ref8 34. Rf1 h6 35. Qh5 Qe7 36. Qe5 Qf6 37. Qxf6 R8xf6 38. g3 Rf3 39. Kg2 Rf8 40. Rac1 b5 41. Rh1 Kg8 42. Rhf1 R8f6 43. Rc2 g5 44. Rh1 Kg7 45. Nd1 Bg4 46. Ne3 Rxe3 47. fxe3 Bf3+ 48. Kh2 Bxh1 49. Kxh1 Rf3 50. Kg2 Rxe3 51. Kh3 Rf3 52. Kg4 Kg6 53. Kh3 h5 54. Kg2 Kf5 55. Kh3 h4 56. Kh2 Rxg3 57. Rf2+ Rf3 58. Rc2 g4 59. Kg2 Kf4 60. Rc1 h3+ 61. Kh2 Rf2+ 62. Kg1 g3 63. Rd1 e3 0-1


[Site "https://www.chess.com"]

[Event "Titled Tuesday Blitz August 1 Late 2023"]
[White "Joubert, Dantelle"]
[Black "Castro Silva, Moises Antonio"]
[WhiteFideId "14310813"]
[BlackFideId "3909794"]
[WhiteElo "2055"]
[BlackElo "2455"]
[Result "0-1"]
[Round "4"]
[TimeControl "180+1"]
[Date "2023.08.01"]
[WhiteClock "0:00:34"]
[BlackClock "0:00:56"]
[Board "165"]

1. e4 c5 2. Nf3 Nc6 3. d4 cxd4 4. Nxd4 Nf6 5. Nc3 e5 6. Ndb5 d6 7. a4 a6 8. Na3 Be6 9. Bg5 Rc8 10. Be2 Nd4 11. O-O Be7 12. Be3 Rxc3 13. bxc3 Nxe2+ 14. Qxe2 Nxe4 15. c4 O-O 16. f3 Nf6 17. Rfd1 Qc7 18. Rab1 d5 19. Bb6 Bc5+ 20. Bxc5 Qxc5+ 21. Kh1 Qxa3 22. Qxe5 dxc4 23. a5 Qe7 24. Qd6 Qxd6 25. Rxd6 Bd5 26. Kg1 h6 27. Kf2 Re8 28. g4 Kf8 29. h4 Bc6 30. Rbd1 Re5 31. R1d4 Ke7 32. Rd8 Rxa5 33. Rxc4 Kxd8 0-1


[Site "https://www.chess.com"]

[Event "Titled Tuesday Blitz August 1 Late 2023"]
[White "Yedidia, Daniel"]
[Black "Arias Igual, Alejandro"]
[WhiteFideId "30905907"]
[BlackFideId "2254905"]
[WhiteElo "2454"]
[BlackElo "2266"]
[Result "1-0"]
[Round "4"]
[TimeControl "180+1"]
[Date "2023.08.01"]
[WhiteClock "0:00:08"]
[BlackClock "0:00:00"]
[Board "166"]

1. d4 d5 2. c4 e6 3. Nc3 c5 4. cxd5 exd5 5. Nf3 Nc6 6. g3 Nf6 7. Bg2 Be7 8. O-O O-O 9. Bg5 c4 10. Ne5 Be6 11. e3 h6 12. Bf4 Bf5 13. f3 Bh7 14. g4 Re8 15. Qd2 Bd6 16. Nxc6 bxc6 17. Bxd6 Qxd6 18. Rae1 Bd3 19. Rf2 c5 20. Bf1 Bg6 21. Na4 cxd4 22. exd4 Rxe1 23. Qxe1 Re8 24. Re2 Rxe2 25. Qxe2 Qf4 26. Qf2 Qc1 27. Kg2 Nd7 28. Nc3 Nf6 29. Nb5 a6 30. Nc7 Bc2 31. Nxa6 Qxb2 32. a4 Qc3 33. Nc5 Bg6 34. h4 h5 35. g5 Nh7 36. Nd7 Nf8 37. Ne5 Ne6 38. Nc6 1-0


[Site "https://www.chess.com"]

[Event "Titled Tuesday Blitz August 1 Late 2023"]
[White "Grave, Jacob Templen"]
[Black "Sala, Giulia"]
[WhiteFideId "1542656"]
[BlackFideId "2840451"]
[WhiteElo "2452"]
[BlackElo "2260"]
[Result "0-1"]
[Round "4"]
[TimeControl "180+1"]
[Date "2023.08.01"]
[WhiteClock "0:00:04"]
[BlackClock "0:00:34"]
[Board "167"]

1. e4 g6 2. Nf3 Bg7 3. d4 d6 4. Bc4 Nf6 5. Qe2 O-O 6. h3 Nc6 7. O-O e5 8. dxe5 dxe5 9. Rd1 Qe7 10. c3 Be6 11. Bb5 Nd7 12. Bxc6 bxc6 13. Bg5 f6 14. Be3 h6 15. Nh4 Kh7 16. Nd2 Nb6 17. Nb3 Nc4 18. Bc5 Nd6 19. Nf3 Rfd8 20. Na5 Qe8 21. Qa6 f5 22. exf5 gxf5 23. Qxc6 e4 24. Nd4 Bxd4 25. Bxd4 Qxc6 26. Nxc6 Rg8 27. Kh2 e3 28. Bxe3 Rg6 29. Ne5 Rg7 30. Bf4 Rag8 31. g3 Ne4 32. Kg2 h5 33. h4 Nf6 34. Nf3 Bd5 35. Rd3 Be4 36. Re3 Nd5 37. Kg1 Nxf4 38. Ng5+ Rxg5 39. hxg5 Rxg5 40. Kf1 Nd5 41. Ree1 h4 42. Rad1 hxg3 43. fxg3 c6 44. Kf2 Rh5 45. Re2 Rh2+ 46. Ke1 Rh1+ 47. Kd2 Rxd1+ 48. Kxd1 Bf3 49. Kd2 Bxe2 50. Kxe2 Kg6 51. Kf3 Nb6 52. b3 Kf6 53. c4 Ke5 54. g4 f4 55. g5 Kf5 56. g6 Kxg6 57. Kxf4 Kf6 58. Ke4 Ke6 59. Kd4 Nd7 60. b4 Kd6 61. a4 c5+ 62. Kc3 cxb4+ 63. Kxb4 Kc6 64. a5 Nc5 65. Ka3 Na6 66. Ka4 Kc5 67. Kb3 Nb8 68. Kc3 Nc6 69. a6 Kb6 70. Kb3 Kxa6 71. Ka4 Kb6 72. Kb3 Kc5 73. Kc3 Na5 74. Kb2 Nxc4+ 75. Kb3 Kb5 76. Ka2 a5 77. Kb3 a4+ 78. Ka2 Kb4 79. Kb1 a3 80. Ka1 Kb3 81. Kb1 Ne3 82. Ka1 Nc2+ 83. Kb1 a2+ 84. Kc1 a1=Q+ 85. Kd2 Qd4+ 86. Kc1 Nb4 87. Kb1 Qd1# 0-1


[Site "https://www.chess.com"]

[Event "Titled Tuesday Blitz August 1 Late 2023"]
[White "Clawitter, Craig"]
[Black "Omariev, Maksim"]
[WhiteFideId "2023105"]
[BlackFideId "4193423"]
[WhiteElo "2256"]
[BlackElo "2451"]
[Result "1-0"]
[Round "4"]
[TimeControl "180+1"]
[Date "2023.08.01"]
[WhiteClock "0:01:01"]
[BlackClock "0:00:02"]
[Board "168"]

1. e4 c5 2. Nf3 d6 3. d4 cxd4 4. Nxd4 Nf6 5. Nc3 a6 6. Be3 Ng4 7. Bg5 h6 8. Bh4 g5 9. Bg3 Bg7 10. h3 Ne5 11. Nf5 Bxf5 12. exf5 Nbc6 13. Nd5 Qa5+ 14. c3 O-O 15. Be2 e6 16. Ne3 d5 17. O-O Rad8 18. fxe6 fxe6 19. Ng4 Ng6 20. Re1 Nf4 21. Bf1 e5 22. Qb3 Qc7 23. Rad1 Na5 24. Qc2 d4 25. Bxf4 exf4 26. Qg6 Qf7 27. Nxh6+ Kh8 28. Nxf7+ Rxf7 29. Qxf7 dxc3 30. Rxd8+ Kh7 31. Qh5+ Bh6 32. Re7# 1-0


[Site "https://www.chess.com"]

[Event "Titled Tuesday Blitz August 1 Late 2023"]
[White "Bazilius, Augustinas"]
[Black "Cardozo Munar, Carlos Eduardo"]
[WhiteFideId "12832251"]
[BlackFideId "4409477"]
[WhiteElo "2448"]
[BlackElo "2248"]
[Result "0-1"]
[Round "4"]
[TimeControl "180+1"]
[Date "2023.08.01"]
[WhiteClock "0:00:00"]
[BlackClock "0:00:13"]
[Board "169"]

1. d4 d5 2. c4 e5 3. dxe5 d4 4. Nf3 Nc6 5. Nbd2 Bg4 6. g3 Nge7 7. Bg2 Ng6 8. O-O Qd7 9. a3 h5 10. h4 O-O-O 11. b4 Ncxe5 12. c5 Bh3 13. Nxe5 Nxe5 14. Nb3 Bxg2 15. Kxg2 d3 16. exd3 Nxd3 17. Be3 Be7 18. Qf3 Ne5 19. Qe4 Ng4 20. Rad1 Qe6 21. Qxe6+ fxe6 22. Bd4 Bf6 23. Rfe1 e5 24. Bc3 Rhe8 25. Rxd8+ Kxd8 26. f3 Nh6 27. Nd2 Kd7 28. Nc4 Nf7 29. Ne3 Kc6 30. a4 a6 31. Rd1 e4 32. Bxf6 exf3+ 33. Kxf3 gxf6 34. Rf1 Ne5+ 35. Ke2 Re6 36. Kd2 b6 37. Kc3 a5 38. Nc2 axb4+ 39. Nxb4+ Kxc5 40. Rc1 Kd6 41. Rd1+ Ke7 42. Nd5+ Kf7 43. Nxc7 Rc6+ 44. Kb4 Rxc7 45. Kb5 Rc4 46. Re1 Rg4 47. Kxb6 Rxa4 48. Kc5 Rg4 49. Re3 Kg6 50. Kd6 Kf5 51. Ke7 Rd4 52. Re1 Kg4 53. Kxf6 Nf3 54. Re8 Rd6+ 55. Kg7 Kxg3 56. Re4 Rd5 57. Kh6 Nxh4 58. Re3+ Kg4 59. Re4+ Kg3 60. Re3+ Kf4 61. Rh3 Kg4 62. Re3 Nf5+ 63. Kh7 Nxe3 0-1


[Site "https://www.chess.com"]

[Event "Titled Tuesday Blitz August 1 Late 2023"]
[White "Sathish, Pranav"]
[Black "Fernandez Bustamante, Leancy B."]
[WhiteFideId "30967538"]
[BlackFideId "3523870"]
[WhiteElo "2433"]
[BlackElo "2243"]
[Result "1-0"]
[Round "4"]
[TimeControl "180+1"]
[Date "2023.08.01"]
[WhiteClock "0:01:02"]
[BlackClock "0:00:22"]
[Board "170"]

1. Nf3 c5 2. b3 d6 3. c4 Nc6 4. d4 cxd4 5. Nxd4 Nxd4 6. Qxd4 Nf6 7. Nc3 g6 8. Qd2 Bg7 9. Bb2 O-O 10. g3 a6 11. Bg2 Rb8 12. O-O b6 13. a4 Bb7 14. e4 Nd7 15. Rfe1 a5 16. Rad1 Nc5 17. Qc2 Qc8 18. f4 Ne6 19. Nd5 Bxd5 20. exd5 Bxb2 21. dxe6 Bf6 22. exf7+ Kxf7 23. Bd5+ Kg7 24. Qe2 Qc5+ 25. Kg2 Rbc8 26. Qd3 Qb4 27. Re6 Rc7 28. Rde1 b5 29. axb5 a4 30. bxa4 Qxa4 31. R1e2 Qa1 32. b6 Rc5 33. b7 Ra5 34. Qe3 Ra2 35. Rxe7+ Kh6 36. Re8 Rxe8 37. Qxe8 Rxe2+ 38. Qxe2 Qb1 39. g4 g5 40. fxg5+ Kxg5 41. Qf2 Be5 42. Qf5+ Kh6 43. Qxb1 1-0


[Site "https://www.chess.com"]

[Event "Titled Tuesday Blitz August 1 Late 2023"]
[White "Celestino, Rafael Teixeira"]
[Black "KorolDimitriy75"]
[WhiteFideId "2108925"]
[WhiteElo "2225"]
[BlackElo "2369"]
[Result "0-1"]
[Round "4"]
[TimeControl "180+1"]
[Date "2023.08.01"]
[WhiteClock "0:01:46"]
[BlackClock "0:00:08"]
[Board "171"]

1. e4 c5 2. Nf3 d6 3. d4 cxd4 4. Nxd4 Nf6 5. Nc3 g6 6. Bg5 Bg7 7. Qd2 O-O 8. Bh6 Nc6 9. Bxg7 Kxg7 10. h4 h5 11. Be2 Qb6 12. O-O-O Nxd4 13. Qxd4 Qxd4 14. Rxd4 Be6 15. Nd5 Nxd5 16. exd5 Bd7 17. Re1 Rac8 18. Bd3 Rfe8 19. Rde4 Bf5 20. R4e3 Bxd3 21. Rxd3 Rc5 22. Rde3 Kf6 23. Rf3+ Kg7 24. Rfe3 Kf6 25. Rf3+ Kg7 26. Rb3 b6 27. Ra3 a5 28. Rae3 Kf6 29. Rf3+ Kg7 30. Rfe3 Kf6 31. Rf3+ Kg7 32. Rd3 Kf6 33. a4 b5 34. Rf3+ Kg7 35. axb5 Rxb5 36. c4 Rc5 37. b3 a4 38. Kb2 axb3 39. Kxb3 Rb8+ 40. Kc3 Rb7 41. Rfe3 Rbc7 42. Re4 Kf8 43. Kd3 Ra7 44. Rc1 Ra3+ 45. Rc3 Ra2 46. Re2 Ra4 47. Rb2 Ra7 48. Rb8+ Kg7 49. Kd4 Rac7 50. Rb4 Ra5 51. Rb5 Ra2 52. Rf3 Ra4 53. Rc3 Ra2 54. Ke3 Ra4 55. c5 dxc5 56. Rbxc5 Rxc5 57. g3 Rxc3+ 58. Kd2 Rca3 59. Kc2 Ra5 60. g4 hxg4 61. h5 gxh5 62. d6 exd6 63. f4 gxf3 0-1


[Site "https://www.chess.com"]

[Event "Titled Tuesday Blitz August 1 Late 2023"]
[White "Awoki, Daniel Teidi"]
[Black "Da Matta, Eduardo Cesar"]
[WhiteFideId "2100827"]
[BlackFideId "2193108"]
[WhiteElo "2337"]
[BlackElo "2219"]
[Result "1-0"]
[Round "4"]
[TimeControl "180+1"]
[Date "2023.08.01"]
[WhiteClock "0:01:16"]
[BlackClock "0:00:00"]
[Board "172"]

1. d4 d5 2. Nf3 Nf6 3. g3 Bf5 4. Bg2 e6 5. O-O h6 6. c4 c6 7. Nc3 Bd6 8. Re1 Ne4 9. Nd2 Nxc3 10. bxc3 O-O 11. e4 dxe4 12. Nxe4 Be7 13. c5 Nd7 14. Rb1 Qc7 15. Bf4 Qc8 16. Qb3 Bxe4 17. Bxe4 b6 18. cxb6 axb6 19. c4 Ra3 20. Qc2 Qa6 21. Bxc6 Rxa2 22. Rb2 Rxb2 23. Qxb2 Nf6 24. Bb5 Qa5 25. Ra1 Qb4 26. Qxb4 Bxb4 27. Bc7 Bc3 28. Rd1 Ba5 29. d5 exd5 30. cxd5 1-0


[Site "https://www.chess.com"]

[Event "Titled Tuesday Blitz August 1 Late 2023"]
[White "Bazzano, Sebastian"]
[Black "Romero Arzuaga, Yudel"]
[WhiteFideId "104566"]
[BlackFideId "3521010"]
[WhiteElo "2211"]
[BlackElo "2336"]
[Result "1-0"]
[Round "4"]
[TimeControl "180+1"]
[Date "2023.08.01"]
[WhiteClock "0:00:06"]
[BlackClock "0:00:32"]
[Board "173"]

1. d4 d5 2. Bf4 e6 3. e3 Nf6 4. Nd2 Bd6 5. Bg3 O-O 6. Ngf3 b6 7. Ne5 Ba6 8. Bxa6 Nxa6 9. Qe2 Nb8 10. O-O c5 11. c3 Qc7 12. f4 Nc6 13. Bh4 Nd7 14. Rf3 f6 15. Nxd7 Qxd7 16. Raf1 Rae8 17. Kh1 b5 18. dxc5 Bxc5 19. Qxb5 Bd6 20. Qd3 Rb8 21. b4 Rfc8 22. e4 Ne7 23. a3 Rd8 24. Nb3 dxe4 25. Qxe4 Nf5 26. Bf2 Bf8 27. Nd4 Nxd4 28. Bxd4 a5 29. Rh3 f5 30. Qe3 axb4 31. axb4 g6 32. Re1 Re8 33. Qe5 Re7 34. Qh8+ Kf7 35. Rxh7+ Ke8 36. Rxe7+ Qxe7 37. Qe5 Rd8 38. Qxe6 Qxe6 39. Rxe6+ Kf7 40. Rb6 Rd7 41. g3 Be7 42. Kg2 Rd8 43. Kf3 Ra8 44. h3 Ra1 45. g4 Rf1+ 46. Kg3 fxg4 47. hxg4 Rd1 48. f5 Rd3+ 49. Kf4 g5+ 50. Ke4 Rg3 51. f6 Rxg4+ 52. Kf5 1-0


[Site "https://www.chess.com"]

[Event "Titled Tuesday Blitz August 1 Late 2023"]
[White "Gerbelli Neto, Eduardo"]
[Black "rikchessmx"]
[WhiteFideId "2103281"]
[WhiteElo "2330"]
[BlackElo "2210"]
[Result "0-1"]
[Round "4"]
[TimeControl "180+1"]
[Date "2023.08.01"]
[WhiteClock "0:00:07"]
[BlackClock "0:01:02"]
[Board "174"]

1. e4 c5 2. Nc3 e6 3. f4 a6 4. g3 b5 5. Bg2 Bb7 6. d3 Nf6 7. Nf3 b4 8. Na4 Qa5 9. b3 d5 10. e5 Nfd7 11. O-O Bc6 12. Nb2 Be7 13. Qe1 Qc7 14. Kh1 h5 15. h3 g6 16. Bd2 a5 17. a3 Na6 18. axb4 Nxb4 19. Qd1 O-O 20. c3 Na6 21. Na4 Rfb8 22. c4 dxc4 23. dxc4 Nb4 24. Bc3 Rd8 25. Qe2 Nb6 26. Nxb6 Qxb6 27. Rad1 a4 28. bxa4 Bxa4 29. Rxd8+ Rxd8 30. Ng5 Bc6 31. Ne4 h4 32. g4 Nd3 33. f5 Qb3 34. fxe6 fxe6 35. Ba1 Qxc4 36. Nf6+ Bxf6 37. Rxf6 Bxg2+ 38. Qxg2 Nf4 39. Qf3 Qc1+ 40. Kh2 Rd2+ 0-1


[Site "https://www.chess.com"]

[Event "Titled Tuesday Blitz August 1 Late 2023"]
[White "Osmonbekov, Talaibek"]
[Black "Prydun, Andriy"]
[WhiteFideId "2017253"]
[BlackFideId "14145898"]
[WhiteElo "2180"]
[BlackElo "2329"]
[Result "1/2-1/2"]
[Round "4"]
[TimeControl "180+1"]
[Date "2023.08.01"]
[WhiteClock "0:00:15"]
[BlackClock "0:00:14"]
[Board "175"]

1. d4 Nf6 2. Nc3 d5 3. Bf4 c5 4. e3 cxd4 5. exd4 a6 6. Nf3 Nc6 7. Ne5 Qb6 8. Nxc6 bxc6 9. Na4 Qa5+ 10. c3 e6 11. Qb3 Qd8 12. Nb6 Ra7 13. Nxc8 Qxc8 14. Qb6 Qb7 15. Qxb7 Rxb7 16. b4 Ra7 17. f3 Be7 18. a4 O-O 19. a5 Rfa8 20. g4 Ne8 21. Bd3 Bd6 22. Be3 Nc7 23. h4 Nb5 24. Kd2 Re7 25. f4 f6 26. Rae1 Rae8 27. h5 e5 28. fxe5 fxe5 29. Bg5 Rf7 30. Bxb5 cxb5 31. dxe5 Bxe5 32. Be3 Bg3 33. Ref1 Re4 34. g5 g6 35. hxg6 Rxf1 36. gxh7+ Kh8 37. Rxf1 Kxh7 38. Rf6 Be5 39. Rh6+ Kg7 40. Rc6 d4 41. Bxd4 Bxd4 42. cxd4 Rxd4+ 43. Kc3 Rg4 44. g6 Rg3+ 45. Kd4 Rg4+ 46. Kc5 Rc4+ 47. Kb6 Rxb4 48. Kxa6 Rb3 49. Kb6 b4 50. a6 Ra3 51. a7 b3 52. Rc1 b2 53. Rb1 Rb3+ 54. Kc7 Ra3 55. Kb8 Rb3+ 56. Kc8 Ra3 57. Rxb2 Rxa7 58. Rb6 Ra5 59. Kd8 Rg5 60. Ke7 Rxg6 61. Rxg6+ Kxg6 1/2-1/2


[Site "https://www.chess.com"]